 Dungeon Crawl Stone Soup version 0.27-a0-1358-ga0a28fc8c3 (webtiles) character file.

Game seed: 9500094225011017316

1390 Delamore the Covert (level 8, -1/49 HPs)
             Began as an Octopode Brigand on June 28, 2021.
             Was an Initiate of Gozag.
             Slain by a wyvern zombie (7 damage)
             ... on level 6 of the Dungeon.
             The game lasted 00:05:06 (5947 turns).

Delamore the Covert (Octopode Brigand)              Turns: 5947, Time: 00:05:07

Health: -1/49      AC:  1    Str: 17    XL:     8   Next: 68%
Magic:  8/8        EV: 12    Int: 13    God:    Gozag
Gold:   362        SH:  0    Dex: 15    Spells: 4/7 levels left

rFire    . . .     SeeInvis +   a - +2 dagger
rCold    + . .     Faith    .   (no shield)
rNeg     . . .     Spirit   .   (helmet restricted)
rPois    .         Reflect  .   (no amulet)
rElec    .         Harm     .   n - ring of see invisible
rCorr    .         Rampage  .   g - ring of protection from cold
Will     .....                  h - +6 ring of strength
Stlth    +++++.....             m - +4 ring of slaying
HPRegen  0.16/turn              (no ring)
MPRegen  0.11/turn              (no ring)
                                (no ring)
                                (no ring)

@: brilliant, flying, hasted, very quick
A: almost no armour, amphibious, 8 rings, camouflage 1, gelatinous body 1,
(nimble swimmer 1), tentacles, frail 1, high mp 1
a: Renounce Religion, Potion Petition, Call Merchant, Bribe Branch


You were on level 6 of the Dungeon.
You worshipped Gozag.
Gozag was aware of your devotion.
You visited 1 branch of the dungeon, and saw 6 of its levels.

You collected 482 gold pieces.
You paid 120 gold pieces to Gozag.

Inventory:

Hand Weapons
 a - a +2 dagger (weapon)
Missiles
 b - 20 poisoned darts (quivered)
 c - 2 curare-tipped darts
 e - 5 javelins
Jewellery
 g - a ring of protection from cold (right tentacle)
 h - a +6 ring of strength (on tentacle)
 m - a +4 ring of slaying (on tentacle)
 n - a ring of see invisible (left tentacle)
Scrolls
 p - 2 scrolls of identify
 r - a scroll of enchant armour
 s - a scroll of fog
 v - a scroll of teleportation
Potions
 d - a potion of berserk rage
 f - a potion of attraction
 i - 2 potions of might
 j - 2 potions of brilliance
 k - a potion of flight
 l - a potion of degeneration {unknown}
 o - a potion of haste
 q - 2 potions of cancellation {unknown}
 w - 2 potions of mutation
 x - a potion of curing {unknown}


   Skills:
 - Level 5.0 Fighting
 + Level 7.4 Short Blades
 - Level 2.0 Throwing
 - Level 1.0 Dodging
 - Level 10.0 Stealth


You had 4 spell levels left.
You knew the following spells:

 Your Spells              Type           Power      Damage    Failure   Level
a - Dazzling Flash        Conj/Hex       0%         N/A       67%         3

Your spell library contained the following spells:

 Spells                   Type           Power      Damage    Failure   Level
 Magic Dart               Conj           0%         1d3       30%         1
 Summon Small Mammal      Summ           0%         N/A       30%         1
 Call Imp                 Summ           0%         N/A       43%         2
 Searing Ray              Conj           0%         3d3       43%         2
 Call Canine Familiar     Summ           0%         N/A       67%         3
 Summon Guardian Golem    Hex/Summ       0%         N/A       67%         3
 Fulminant Prism          Conj/Hex       0%         3d6       97%         4
 Iskenderun's Mystic Bla  Conj/Tloc      0%         2d3       97%         4
 Summon Ice Beast         Ice/Summ       0%         N/A       97%         4
 Summon Lightning Spire   Summ/Air       0%         N/A       97%         4


Dungeon Overview and Level Annotations

Branches:
Dungeon (6/15)             Temple (0/1) D:6

Altars:
Cheibriados
Elyvilon
Gozag
Qazlal
Ru
Uskayaw
Wu Jian

Shops:
D:1 [


Innate Abilities, Weirdness & Mutations

You cannot wear most types of armour.
You are amphibious.
You can wear up to eight rings at the same time.
Your skin changes colour to match your surroundings (Stealth+).
Your rubbery body absorbs attacks. (AC +1, EV +1)
((You are camouflaged near water. (Stealth+)))
You have tentacles for arms and can constrict up to eight enemies at once.
You are frail. (-10% HP)
You have an increased reservoir of magic. (+10% MP)


Message History

The wyvern zombie bites you!
You are too injured to fight recklessly!
You are too injured to fight recklessly!
You are too injured to fight recklessly!
You are too injured to fight recklessly!
You are too injured to fight recklessly!
You are too injured to fight recklessly!
You are too injured to fight recklessly!
You are too injured to fight recklessly!
There are monsters nearby!
You are too injured to fight recklessly!
You hit the wyvern zombie. You squeeze the wyvern zombie!
The wyvern zombie is almost destroyed.
The wyvern zombie barely misses you.
You hit the wyvern zombie but do no damage.
The wyvern zombie is almost destroyed.
The wyvern zombie bites you!
* * * LOW HITPOINT WARNING * * *
The wyvern zombie bites you.
* * * LOW HITPOINT WARNING * * *
Things that are here:
3 gold pieces; a +0 falchion; a +0 leather armour The iguana hisses menacingly.
The iguana hisses menacingly.
The wyvern zombie bites you.
* * * LOW HITPOINT WARNING * * *
The wyvern zombie bites you.
* * * LOW HITPOINT WARNING * * *
It was a potion of flight.
You feel very buoyant.
You fly up into the air.
The wyvern zombie closely misses you.
It was a potion of brilliance.
You feel clever all of a sudden. The wyvern zombie barely misses you.
It was a potion of mutation.
You feel extremely strange.
You feel frail.
You feel more energetic.
It was a potion of haste.
You feel yourself speed up. The iguana barely misses you.
The wyvern zombie bites you!
You die...
Your body crumbles into a pile of gold.

##....[.....<.###.##.............
.........##.......##.#.######...#
.........###..###..#.#.######...#
..............###..#.#...........
..######...........#.##..####....
#######..###.##.#..#.##..###.....
......#...........<..............
#######...##.##..........##......
#...##...l@......#.##......
#######........Z.....#.#.##......
#.........##.##.####..[....).....
#'#####..........................
.....)....##.##.####.#.##.#......
..............#.####.............
.................................
.......#..##......##.#...........
.......#..##....####.#.##........


You could see an iguana and a wyvern zombie.

Vanquished Creatures
  Sigmund (D:3)
  Eustachio (D:6)
  A black bear (D:4)
  3 ogres
  2 phantoms
  3 scorpions
  A water moccasin zombie (D:5)
  4 hounds
  An iguana (D:5)
  A hound zombie (D:5)
  2 hound skeletons
  5 adders
  A shadow imp (D:6)
  2 white imps
  An ufetubus (D:5)
  An adder skeleton (D:4)
  An adder zombie (D:5)
  4 dart slugs
  An orc (D:3)
  6 endoplasms
  4 giant cockroaches
  5 goblins
  10 hobgoblins
  14 jackals
  3 quokkas (D:2)
  11 ball pythons
  7 bats
  4 frilled lizards
  9 kobolds
  7 rats
116 creatures vanquished.

Notes
Turn   | Place    | Note
-------+----------+-------------------------------------------
     0 | D:1      | Delamore the Octopode Brigand began the quest for the Orb.
     0 | D:1      | Reached XP level 1. HP: 14/14 MP: 1/1
   189 | D:1      | Reached XP level 2. HP: 19/19 MP: 2/2
   491 | D:1      | Reached skill level 6 in Stealth
   935 | D:1      | Reached XP level 3. HP: 25/25 MP: 3/3
  1054 | D:1      | Found Zeozops's Antique Armour Boutique.
  1654 | D:2      | Found a faded altar of an unknown god.
  1666 | D:2      | Reached XP level 4. HP: 30/30 MP: 4/4
  2151 | D:3      | Found a stormy altar of Qazlal.
  2177 | D:3      | Reached skill level 7 in Stealth
  2340 | D:3      | Reached XP level 5. HP: 26/36 MP: 5/5
  2471 | D:3      | Noticed Sigmund
  2478 | D:3      | Killed Sigmund
  2479 | D:3      | Reached skill level 8 in Stealth
  2479 | D:3      | Reached XP level 6. HP: 42/42 MP: 6/6
  3271 | D:4      | Found a snail-covered altar of Cheibriados.
  3271 | D:4      | Found an ornate altar of the Wu Jian Council.
  3272 | D:4      | Found a hide-covered altar of Uskayaw.
  3282 | D:4      | Reached skill level 9 in Stealth
  3282 | D:4      | Reached XP level 7. HP: 39/48 MP: 7/7
  3361 | D:4      | Found a sacrificial altar of Ru.
  3989 | D:5      | Entered Level 5 of the Dungeon
  3997 | D:5      | Reached skill level 10 in Stealth
  4294 | D:5      | Found an opulent altar of Gozag.
  4300 | D:5      | Became a worshipper of Gozag Ym Sagoz the Greedy
  4403 | D:5      | Reached skill level 5 in Short Blades
  4403 | D:5      | Reached XP level 8. HP: 54/54 MP: 8/8
  4882 | D:5      | Reached skill level 5 in Fighting
  5200 | D:5      | Found a white marble altar of Elyvilon.
  5392 | D:6      | Learned a level 3 spell: Dazzling Flash
  5876 | D:6      | Noticed Eustachio
  5883 | D:6      | Killed Eustachio
  5886 | D:6      | Found a staircase to the Ecumenical Temple.
  5946 | D:6      | Gained mutation: You are frail. (-10% HP) [potion of
                  | mutation]
  5946 | D:6      | Gained mutation: You have an increased reservoir of magic.
                  | (+10% MP) [potion of mutation]
  5947 | D:6      | Slain by a wyvern zombie

Illustrated notes

Levels and vault maps discovered:
D:1:      roderic_dead_forest, layout_basic, serial_shops, shop
D:2:      layout_rooms, serial_glass, glass_columns_b, glass_columns_b,
          ebering_ecumenical_altar_webs
D:3:      layout_basic, amcnicky_altar_gilded, uniq_sigmund
D:4:      layout_loops_ring, nicolae_overflow_quartered_altars,
          minmay_misc_feat_x
D:5:      layout_basic, nicolae_gozag_seed_capital, overflow_temple_1_default
D:6:      layout_basic, minmay_temple_entry_tees, serial_shops,
          nicolae_shop_window_shopping, minmay_manual_monstrance, uniq_grinder,
          uniq_eustachio

Skill      XL: |  1  2  3  4  5  6  7  8 |
---------------+-------------------------+-----
Stealth        | 6 7 8 9 10 | 10.0
Short Blades   | 3 4 5 7 |  7.4
Fighting       | 3 4 5 |  5.0
Throwing       | |  2.0
Dodging        | |  1.0

Action                   |  1- 3 |  4- 6 |  7- 9 || total
-------------------------+-------+-------+-------++-------
Melee: Dagger            |    72 |    90 |    71 ||   233
       Constrict         |    11 |    21 |    12 ||    44
       Tentacles         |     7 |    15 |    19 ||    41
  Use: Scroll            |       |     6 |     7 ||    13
       Potion            |       |       |     4 ||     4
 Stab: Sleeping          |    22 |    16 |    12 ||    50
       Distracted        |       |       |     2 ||     2
Armor: Skin              |     9 |     5 |     2 ||    16
Dodge: Dodged            |    46 |    35 |    30 ||   111

Table legend: (Time is in decaauts)
 A = Elapsed time spent in this place.
 B = Non-inter-level travel time spent in this place.
 C = Inter-level travel time spent in this place.
 D = Time resting spent in this place.
 E = Time spent auto-exploring this place.
 F = Levels seen in this place.
 G = Mean time per level.
                   A        B        C        D        E       F      G
               +--------+--------+--------+--------+--------+-----+--------+
         Total |   5906 |   5640 |    266 |    776 |   4092 |   6 |  984.3 |
       Dungeon |   5906 |   5640 |    266 |    776 |   4092 |   6 |  984.3 |
               +--------+--------+--------+--------+--------+-----+--------+

Top non-repeatable levels by time:
     D:1: 1487 daAuts
     D:4: 1252 daAuts
     D:5: 1116 daAuts
     D:3: 1110 daAuts
     D:2: 575 daAuts
     D:6: 363 daAuts
